AoeStats
← coco13264409

Arabia

509387670Analyzed
1v1 RM · 6d ago on Sep 26, 2026· 43m 26s· 2 players
Game mode
Random Map
Map size
Tiny (2 player)
Population
200
Speed
Normal
Resources
Standard
Victory
Conquest
Starting age
Dark Age
Ending age
Imperial Age
RankedLock teamsTeams togetherTeam positionsShared explorationLock speedFull tech treeHidden civsTurbo modeCheats
Victory
Defeat
🇮🇳 Teutons · India
991
+17
🇨🇭 Sicilians · Switzerland
1022
-17
Tempus Fugit
6:49 Loom
9:36 Feudal Age
13:54 Scale Barding Armor
21:27 Castle Age
20:09 Bloodlines
20:26 Forging
20:22 Double-Bit Axe
20:58 Horse Collar
21:11 Gold Mining
22:15 Town Watch
30:51 Wheelbarrow
30:19 Scale Mail Armor
32:58 Heavy Plow
33:11 Bow Saw
36:16 Imperial Age
36:20 Elite Teutonic Knight
37:25 Conscription
36:27 Cavalier
37:59 Stone Mining
38:59 Chain Mail Armor
39:22 Iron Casting
39:49 Chain Barding Armor
41:19 Hand Cart
41:51 Plate Mail Armor
42:02 Plate Barding Armor
42:10 Ballistics
42:56 Chemistry
coco13264409
9:34 Feudal Age
10:21 Double-Bit Axe
16:03 Castle Age
19:26 Loom
27:41 Scale Mail Armor
27:49 Horse Collar
29:00 Squires
29:58 Wheelbarrow
30:28 Forging
30:45 Fletching
31:26 Bow Saw
31:48 Pikeman
33:08 Heavy Plow
37:45 Imperial Age
36:11 Chain Mail Armor
35:56 Bodkin Arrow
36:39 Hand Cart
37:32 Iron Casting
37:52 Halberdier
37:59 Capped Ram
40:02 Conscription
40:19 Plate Mail Armor
41:29 Blast Furnace
40:33 Gold Mining
41:24 Crop Rotation
41:22 Bracer
41:52 Ballistics
42:19 Elite Serjeant
43:11 Padded Archer Armor
Connection lost

Rejoining the realm…

Still unreachable

The connection could not be restored.

Session expired

The server has moved on; the page needs a fresh start.